 Dungeon Crawl Stone Soup version 0.31-a0-521-gc7390f8997 (webtiles) character file.

Game seed: 12621292055253409264

527 Irreverend the Ruffian (level 7, -1/78 HPs)
             Began as a Human Shapeshifter on Aug 11, 2023.
             Was an Initiate of Wu Jian.
             Slain by Dowan
             ... wielding a +0 dagger
              (3 damage)
             ... on level 4 of the Dungeon.
             The game lasted 00:05:00 (2844 turns).

Irreverend the Ruffian (Human Shapeshifter)         Turns: 2844, Time: 00:05:01

Health: -1/78      AC: 23    Str: 18    XL:     7   Next: 47%
Magic:  7/7        EV:  2    Int:  8    God:    Wu Jian [......]
Gold:   127        SH:  0    Dex: 13    Spells: 6/6 levels left

rFire   . . .        e - +2 dagger (speed)
rCold   . . .        (no shield)
rNeg    . . .        m - melded +2 robe {Will+}
rPois   +            (helmet currently unavailable)
rElec   .            (cloak currently unavailable)
rCorr   .            (gloves currently unavailable)
SInv    .            (boots currently unavailable)
Will    .....        s - amulet of regeneration
Stlth   +            (no ring)
HPRegen 1.13/turn    (no ring)
MPRegen 0.10/turn

%: no passive effects
@: tree-form
A: stationary, stasis, torment immunity, boosted hp
a: Renounce Religion


You were on level 4 of the Dungeon.
You worshipped Wu Jian.
Wu Jian was noncommittal.
You were a tree.
You visited 2 branches of the dungeon, and saw 5 of its levels.

You collected 127 gold pieces.

Inventory:

Hand Weapons
 e - a +2 dagger of speed (weapon)
Armour
 a - a +0 animal skin
 m - a +2 robe of willpower (melded)
Jewellery
 h - an amulet of the acrobat
 o - an amulet of guardian spirit
 s - an amulet of regeneration (around neck)
Talismans
 c - a beast talisman
 d - a flux talisman
Scrolls
 g - 6 scrolls of identify {unknown}
 n - a scroll of noise {unknown}
 p - a scroll of teleportation {unknown}
 q - a scroll of enchant weapon {unknown}
 r - 2 scrolls of fog {unknown}
 t - a scroll of amnesia {unknown}
 v - a scroll of poison {unknown}
 w - a scroll of blinking {unknown}
Potions
 b - a potion of lignification
 f - a potion of magic {unknown}
 i - 2 potions of curing
 j - 2 potions of brilliance {unknown}
 k - 2 potions of berserk rage {unknown}
 l - a potion of heal wounds {unknown}
 u - 2 potions of attraction {unknown}


   Skills:
 + Level 3.2 Fighting
 + Level 3.7 Dodging
 * Level 5.5 Unarmed Combat
 + Level 4.1 Shapeshifting


You had 6 spell levels left.
You didn't know any spells.
Your spell library contained the following spells:

 Spells                   Type           Power      Damage    Failure   Level
 Wereblood                Tmut           0%         N/A       54%         2
 Irradiate                Conj/Tmut      0%         3d11      100%        5


Dungeon Overview and Level Annotations

Branches:
Dungeon (4/15)             Temple (1/1) D:4

Altars:
Ashenzari
Cheibriados
Gozag
Hepliaklqana
Kikubaaqudgha
Nemelex Xobeh
Okawaru
Ru
Sif Muna
Uskayaw
Vehumet
Wu Jian
Xom
Zin
The Shining One

Shops:
D:4 (

Annotations:
D:4 Dowan, Duvessa


Message History

You closely miss Duvessa.
Duvessa is moderately wounded.
Duvessa hits you but does no damage.
Dowan mumbles some strange words.
Dowan blinks!
You hit Duvessa but do no damage.
Duvessa is moderately wounded.
Duvessa hits you but does no damage.
You barely miss Duvessa. You punch Duvessa, but do no damage.
Duvessa is moderately wounded.
Duvessa hits you with a +0 rapier!
* * * LOW HITPOINT WARNING * * *
You hit Duvessa.
Duvessa is moderately wounded.
Duvessa hits you but does no damage.
You hit Duvessa.
Duvessa is heavily wounded.
Duvessa hits you but does no damage.
You hit Duvessa but do no damage.
Duvessa is heavily wounded.
Duvessa hits you with a +0 rapier.
* * * LOW HITPOINT WARNING * * *
You barely miss Duvessa.
Duvessa is heavily wounded.
Duvessa hits you but does no damage. Dowan hits you with a +0 dagger.
* * * LOW HITPOINT WARNING * * *
You hit Duvessa. Your punch misses Duvessa.
Duvessa is heavily wounded.
Duvessa hits you but does no damage.
You hit Duvessa but do no damage.
Duvessa is heavily wounded.
Duvessa barely misses you. Dowan barely misses you.
You closely miss Duvessa.
Duvessa is heavily wounded.
Duvessa says, "When magic and the sword combine, nothing stands against them."
Duvessa hits you with a +0 rapier.
* * * LOW HITPOINT WARNING * * *
Dowan says, "Stay away from my face!"
Dowan hits you with a +0 dagger.
You die...

######
#....##+####....
#.....#............
#.....#.............
#.....#..............
#...e.#..............
#..e♣.#..............
###'###...##.........
#...###...##.........
#....................
#....e...............
#....................
#....................
#....................
#....................


You could see Duvessa (fast) and Dowan.

Vanquished Creatures
  Sigmund (D:4)
  A phantom (D:4)
  2 scorpions
  An orc priest (D:3)
  An iguana (D:4)
  5 adders
  A dart slug (D:1)
  3 orcs (D:3)
  12 ball pythons
  4 bats
  9 endoplasms
  A giant cockroach (D:2)
  6 goblins
  11 hobgoblins
  3 quokkas (D:3)
  A frilled lizard (D:1)
  7 kobolds
  3 rats (D:1)
72 creatures vanquished.

Vanquished Creatures (others)
  An orc wizard (D:3)
1 creature vanquished.

Grand Total: 73 creatures vanquished

Notes
Turn   | Place    | Note
-------+----------+-------------------------------------------
     0 | D:1      | Irreverend the Human Shapeshifter began the quest for the
                  | Orb.
     0 | D:1      | Reached XP level 1. HP: 15/15 MP: 1/1
   104 | D:1      | Reached XP level 2. HP: 16/21 MP: 2/2
   335 | D:1      | Reached XP level 3. HP: 24/26 MP: 3/3
   926 | D:2      | Reached XP level 4. HP: 16/33 MP: 4/4
  1605 | D:3      | Reached skill level 4 in Unarmed Combat
  1768 | D:3      | Reached XP level 5. HP: 33/38 MP: 5/5
  1878 | D:3      | Reached XP level 6. HP: 4/46 MP: 6/6
  1927 | D:3      | Identified the +0 hand axe of Gravity {freeze, rPois MP-9
                  | Int+5 Stlth+}
  2344 | D:4      | Reached skill level 5 in Unarmed Combat
  2344 | D:4      | Reached XP level 7. HP: 42/51 MP: 7/7
  2378 | D:4      | Found a glowing golden altar of the Shining One.
  2387 | D:4      | Noticed Sigmund
  2405 | D:4      | Killed Sigmund
  2474 | D:4      | Found a staircase to the Ecumenical Temple.
  2529 | Temple   | Entered the Ecumenical Temple
  2590 | Temple   | Became a worshipper of the Wu Jian Council
  2678 | D:4      | Found Houts's Antique Weapon Shoppe.
  2789 | D:4      | Noticed Duvessa
  2789 | D:4      | Noticed Dowan
  2837 | D:4      | HP: 2/78 [Duvessa/+0 rapier (9)]
  2844 | D:4      | HP: 2/78 [Duvessa/+0 rapier (1)]
  2844 | D:4      | Slain by Dowan

Illustrated notes

Levels and vault maps discovered:
D:1:      co_arrival_square_in_a_square_in_a_square, layout_basic
D:2:      minmay_wonky_spiral, layout_basic, minmay_misc_feat_alley,
          st_stairs_10
D:3:      layout_loops_ring
D:4:      layout_gridville, nicolae_tso_carved_into_rock,
          minmay_temple_entry_glassed_door, serial_shops, shop, uniq_duvessa,
          uniq_menkaure, uniq_sigmund
Temple:   nicolae_temple_bog_church

Skill      XL: |  1  2  3  4  5  6  7 |
---------------+----------------------+-----
Unarmed Combat | 4 5 |  5.5
Fighting       | 2 3 |  3.2
Dodging        | 3 |  3.7
Shapeshifting  | 4 |  4.1

Action                     |  1- 3 |  4- 6 |  7- 9 || total
---------------------------+-------+-------+-------++-------
  Melee: Unarmed           |    30 |       |       ||    30
         Dagger            |    72 |   156 |    55 ||   283
         Punch             |     1 |     1 |     4 ||     6
Ability: Lunge             |       |       |     3 ||     3
    Use: Potion            |       |     1 |     1 ||     2
   Stab: Sleeping          |     3 |     3 |       ||     6
 Armour: Animal skin       |     9 |       |       ||     9
         Robe              |     3 |    15 |     4 ||    22
         Skin              |       |       |    13 ||    13
  Dodge: Dodged            |    46 |    63 |    23 ||   132

Table legend: (Time is in decaauts)
 A = Elapsed time spent in this place.
 B = Non-inter-level travel time spent in this place.
 C = Inter-level travel time spent in this place.
 D = Time resting spent in this place.
 E = Time spent auto-exploring this place.
 F = Levels seen in this place.
 G = Mean time per level.
                   A        B        C        D        E       F      G
               +--------+--------+--------+--------+--------+-----+--------+
         Total |   2748 |   2542 |    206 |      0 |   1995 |   5 |  549.6 |
       Dungeon |   2668 |   2539 |    129 |      0 |   1995 |   4 |  667.0 |
        Temple |     79 |      2 |     77 |      0 |      0 |   1 |   79.0 |
               +--------+--------+--------+--------+--------+-----+--------+

Top non-repeatable levels by time:
     D:2: 835 daAuts
     D:1: 691 daAuts
     D:3: 638 daAuts
     D:4: 503 daAuts
  Temple: 79 daAuts
